 Dungeon Crawl Stone Soup version 0.31-a0-208-gdb31a4691d (webtiles) character file.

Game seed: 11391765957923174244

2650 Angani the Chucker (level 9, -10/68 HPs)
             Began as a Human Wanderer on June 29, 2023.
             Was an Elder of Fedhas.
             Killed themself with a badly aimed iceblast (18 damage)
             ... on level 7 of the Dungeon.
             The game lasted 00:19:06 (6795 turns).

Angani the Chucker (Human Wanderer)                 Turns: 6795, Time: 00:19:08

Health: -10/68     AC: -2    Str: 19    XL:     9   Next: 93%
Magic:  10/10      EV: 17    Int: 14    God:    Fedhas [****..]
Gold:   338        SH:  0    Dex:  9    Spells: 9/10 levels left

rFire   . . .        n - +0 quarterstaff (protect)
rCold   . . .        (shield currently unavailable)
rNeg    + . .        j - +0 swamp dragon scales
rPois   +            (no helmet)
rElec   .            (no cloak)
rCorr   .            h - +0 pair of gloves
SInv    .            (no boots)
Will    .....        (no amulet) Stlth
                     o - +5 ring of evasion
HPRegen 0.31/turn    t - ring of positive energy
MPRegen 0.12/turn

%: no passive effects
@: corroded
A: no striking features
a: Renounce Religion, Wall of Briars, Grow Ballistomycete, Overgrow


You were on level 7 of the Dungeon.
You worshipped Fedhas.
Fedhas was greatly pleased with you.
You visited 1 branch of the dungeon, and saw 7 of its levels.
You also visited: Ossuary.

You collected 338 gold pieces.

Inventory:

Hand Weapons
 n - a +0 quarterstaff of protection (weapon)
Missiles
 d - a throwing net
 e - 6 javelins
 f - 7 boomerangs
 i - 35 stones (quivered)
 q - 12 poisoned darts
 s - 2 boomerangs of dispersal
 y - 4 atropa-tipped darts
Armour
 h - a +0 pair of gloves (worn)
 j - +0 swamp dragon scales (worn)
Jewellery
 l - a ring of wizardry
 o - a +5 ring of evasion (left hand)
 t - a ring of positive energy (right hand)
Wands
 c - a wand of iceblast (8)
 w - a wand of digging (4)
Scrolls
 g - a scroll of identify
 r - a scroll of brand weapon
 u - 2 scrolls of immolation
 v - 3 scrolls of teleportation
 x - a scroll of blinking {unknown}
 z - a scroll of enchant weapon
 A - 2 scrolls of butterflies {unknown}
Potions
 a - 4 potions of attraction
 k - a potion of cancellation
 m - a potion of mutation
 p - 2 potions of brilliance
Miscellaneous
 b - a piece from Xom's chessboard (15/15)


   Skills:
 - Level 5.0 Fighting
 + Level 4.3 Staves
 + Level 7.8 Throwing
 - Level 5.2 Armour
 + Level 5.7 Dodging
 - Level 1.0 Spellcasting
 - Level 2.0 Ice Magic
 - Level 4.0 Evocations


You had 9 spell levels left.
You knew the following spells:

 Your Spells              Type           Power      Damage    Failure   Level
a - Freeze                Ice            24%        1d4       19%         1

Your spell library contained the following spells:

 Spells                   Type           Power      Damage    Failure   Level
 Sting                    Tmut/Pois      0%         1d3       38%         1
 Frozen Ramparts          Ice            12%        1d2       50%         3
 Poisonous Vapours        Pois/Air       0%         N/A       54%         2
 Portal Projectile        Hex/Tloc       0%         N/A       77%         3
 Stone Arrow              Conj/Erth      0%         3d7       77%         3
 Tukima's Dance           Hex            0%         N/A       77%         3
 Animate Armour           Summ/Erth      0%         N/A       99%         4
 Olgreb's Toxic Radiance  Pois           0%         N/A       99%         4
 Blade Hands              Tmut           0%         N/A       100%        5
 Lehudib's Crystal Spear  Conj/Erth      0%         10d2      100%        8


Dungeon Overview and Level Annotations

Branches:
Dungeon (7/15)             Temple (0/1) D:7         Ossuary (visited)

Altars:
Fedhas
Okawaru
Ru
Sif Muna
Uskayaw
Vehumet
Xom
Zin

Shops:
D:4 *


Message History

You kill the jelly!
Fedhas accepts your kill. The bat misses you.
You miss something. Something hits you.
* * * LOW HITPOINT WARNING * * *
You miss something.
You hear some strange, mumbled words.
A magic dart appears from out of thin air!
The magic dart hits you.
* * * LOW HITPOINT WARNING * * *
You closely miss something.
You hear some strange, mumbled words.
You are confused.
You barely miss something. Something hits you.
* * * LOW HITPOINT WARNING * * *
Unknown command.
You bump into the rock wall.
Something hits you.
* * * LOW HITPOINT WARNING * * *
You're too confused to move!
The bat barely misses you. Something hits you.
* * * LOW HITPOINT WARNING * * *
You closely miss something. The bat completely misses you. The bat misses you.
Something hits you.
* * * LOW HITPOINT WARNING * * *
The bat closely misses you.
You feel better. Something hits you.
* * * LOW HITPOINT WARNING * * *
Unknown command.
Okay, then.
Okay, then.
The bat hits you.
* * * LOW HITPOINT WARNING * * *
Aiming: Iceblast
Press: ? - help, Shift-Dir - straight line The mass of ice explodes!
The iceblast engulfs something!
The iceblast engulfs the bat!!
You kill the bat!
Fedhas appreciates your contribution to the ecosystem.
The iceblast engulfs you!!
You die...
Fedhas appreciates your contribution to the ecosystem.

##### #.#.# .. #)#.# ...
#.#.#######
...######÷#.@.....#.
.......?#...†.......
........###.....#.#.
.........##)###.#
.......#..†.# .#
............# . ##.
......#.#...############.....
....(...........†.).)).......
.....#...#....###############


There were no monsters in sight!

Vanquished Creatures
  A hornet (D:7)
  Grinder (D:5)
  2 water moccasins (D:7)
  A sky beast (D:7)
  An orc warrior (D:5)
  An ice beast (D:7)
  An ogre (D:5)
  2 centaurs (D:7)
  A phantom (D:6)
  A gnoll sergeant (D:7)
  3 scorpions
  3 water moccasin zombies (Ossuary)
  A wight (D:4)
  A howler monkey (D:7)
  6 hounds
  4 orc priests
  2 jellies
  Ijyb (D:5)
  5 iguanas
  3 orc wizards
  2 mummies (Ossuary)
  8 gnolls
  15 adders
  5 adder zombies (Ossuary)
  A worm (D:4)
  2 dart slugs
  20 orcs
  3 endoplasms
  2 giant cockroaches
  6 goblins
  6 hobgoblins
  4 jackals (D:2)
  A quokka (D:2)
  10 ball pythons
  5 bats
  3 frilled lizards
  3 gnoll zombies (Ossuary)
  2 hobgoblin zombies (Ossuary)
  9 kobolds
  5 kobold zombies (Ossuary)
  3 orc zombies (Ossuary)
  3 rats (D:1)
159 creatures vanquished.

Vanquished Creatures (others)
  3 sleepcaps
  2 orc wizards (D:5)
  An adder (D:6)
  An orc (D:5)
7 creatures vanquished.

Grand Total: 166 creatures vanquished

Notes
Turn   | Place    | Note
-------+----------+-------------------------------------------
     0 | D:1      | Angani the Human Wanderer began the quest for the Orb.
     0 | D:1      | Angani set off with the following items: a +0 club, a piece
                  | from Xom's chessboard (15/15), a potion of haste, a +2
                  | scale mail; and the following spell memorised: Freeze; and
                  | the following spells available to memorise: Frozen
                  | Ramparts.
     0 | D:1      | Reached XP level 1. HP: 13/13 MP: 2/2
   177 | D:1      | Reached XP level 2. HP: 14/20 MP: 3/3
   178 | D:1      | Reached skill level 1 in Fighting
   178 | D:1      | Reached skill level 1 in Throwing
   682 | D:2      | Reached XP level 3. HP: 26/26 MP: 4/4
   916 | D:2      | Reached skill level 2 in Throwing
  1336 | D:3      | Reached XP level 4. HP: 27/34 MP: 5/5
  1652 | D:3      | Found a faded altar of an unknown god.
  1655 | D:3      | Found a radiant altar of Vehumet.
  1661 | D:3      | Prayed at the altar of an unknown god.
  1661 | D:3      | Became a worshipper of Fedhas Madash
  1661 | D:3      | Reached * piety under Fedhas
  1787 | D:3      | Reached XP level 5. HP: 25/40 MP: 6/6
  2249 | D:3      | Reached skill level 3 in Throwing
  2266 | D:3      | Found an iron altar of Okawaru.
  2523 | D:4      | Found a glowing silver altar of Zin.
  2524 | D:4      | Found Zin's Purification Station.
  2528 | D:4      | Found a sacrificial altar of Ru.
  2538 | D:4      | Reached XP level 6. HP: 40/47 MP: 7/7
  2561 | D:4      | Found a shimmering altar of Xom.
  2692 | D:4      | Found a sand-covered staircase.
  2697 | Ossuary  | Entered an ossuary
  2738 | Ossuary  | Reached skill level 4 in Throwing
  2843 | Ossuary  | Reached ** piety under Fedhas
  2973 | Ossuary  | Reached XP level 7. HP: 55/55 MP: 8/8
  3670 | D:4      | HP: 3/82 [gnoll/+0 spear (6)]
  3677 | D:4      | Reached skill level 5 in Throwing
  3974 | D:4      | Reached skill level 5 in Fighting
  4043 | D:5      | Entered Level 5 of the Dungeon
  4363 | D:5      | Reached skill level 1 in Dodging
  4415 | D:5      | Noticed Grinder
  4473 | D:4      | Reached XP level 8. HP: 61/62 MP: 9/9
  4600 | D:5      | Killed Grinder
  4603 | D:5      | Noticed Ijyb
  4624 | D:5      | Killed Ijyb
  4631 | D:5      | Reached *** piety under Fedhas
  4713 | D:5      | Reached skill level 6 in Throwing
  5539 | D:6      | Reached skill level 1 in Staves
  5644 | D:6      | Reached skill level 5 in Armour
  5644 | D:6      | Reached XP level 9. HP: 68/68 MP: 10/10
  6270 | D:7      | Found a shimmering blue altar of Sif Muna.
  6272 | D:7      | Found a hide-covered altar of Uskayaw.
  6339 | D:7      | Found a staircase to the Ecumenical Temple.
  6350 | D:7      | Noticed a hornet
  6352 | D:7      | Reached skill level 7 in Throwing
  6354 | D:7      | Killed a hornet
  6371 | D:7      | Reached skill level 5 in Dodging
  6556 | D:7      | Reached **** piety under Fedhas
  6795 | D:7      | Killed themself with a badly aimed iceblast

Illustrated notes

Levels and vault maps discovered:
D:1:      matt_arrival_diagonals, layout_rooms, minivault_27
D:2:      layout_rooms, mrwooster_statue_mirror, amcnicky_mini_pool_small,
          hangedman_decor_push
D:3:      layout_basic, marbit_many_paths, nicolae_overflow_ecumenical_swirl,
          serial_aquarium, aquarium_bridge_square [aquarium_subvault_window,
          aquarium_subvault_window, aquarium_subvault_bridge,
          aquarium_subvault_bridge], aquarium_bridge_square
          [aquarium_subvault_bridge, aquarium_subvault_bridge,
          aquarium_subvault_window, aquarium_subvault_wall], aquarium_window_1,
          aquarium_window_2, aquarium_window_2, aquarium_window_2,
          aquarium_view_2e, aquarium_pool_S
D:4:      dreamdust_elfheim, layout_loops_cross, zin_purify, old_standard_altar,
          mainiacjoe_overflow_alcove_1, enter_ossuary_5
D:5:      layout_cave_pods, uniq_grinder, uniq_ijyb
D:6:      layout_basic
D:7:      old_forge, layout_basic, mainiacjoe_overflow_catwalk_spiral,
          mainiacjoe_overflow_chevrons, gammafunk_temple_overflow_wave,
          minmay_temple_entry_sparse_star, minmay_bent

Skill      XL: |  1  2  3  4  5  6  7  8  9 |
---------------+----------------------------+-----
Fighting       | 1 2 3 4 5 |  5.0
Throwing       | 1 2 3 4 5 6 7 |  7.8
Dodging        | 1 3 5 |  5.7
Armour         | 5 |  5.2
Staves         | 1 4 |  4.3
Spellcasting   | |  1.0
Ice Magic      | |  2.0
Evocations     | |  4.0

Action                     |  1- 3 |  4- 6 |  7- 9 || total
---------------------------+-------+-------+-------++-------
  Melee: Club              |   232 |    11 |       ||   243
         Punch             |     1 |     1 |     1 ||     3
         Whip              |       |   201 |   198 ||   399
         Quarterstaff      |       |       |   276 ||   276
  Throw: Javelin           |       |       |     3 ||     3
         Stone             |       |       |     9 ||     9
         Dart              |       |       |     2 ||     2
         Boomerang         |       |       |     2 ||     2
  Evoke: Piece from Xom's  |     4 |     6 |    19 ||    29
         Wand              |       |       |     4 ||     4
    Use: Potion            |     4 |       |     8 ||    12
         Scroll            |       |     5 |     6 ||    11
   Stab: Petrified         |       |       |    16 ||    16
         Paralysed         |       |       |     7 ||     7
 Armour: Scale mail        |   122 |   101 |    14 ||   237
         Swamp dragon scal |       |       |   182 ||   182
         Skin              |       |       |    17 ||    17
  Dodge: Dodged            |   185 |   214 |   421 ||   820

Table legend: (Time is in decaauts)
 A = Elapsed time spent in this place.
 B = Non-inter-level travel time spent in this place.
 C = Inter-level travel time spent in this place.
 D = Time resting spent in this place.
 E = Time spent auto-exploring this place.
 F = Levels seen in this place.
 G = Mean time per level.
                   A        B        C        D        E       F      G
               +--------+--------+--------+--------+--------+-----+--------+
         Total |   7132 |   6871 |    261 |   1036 |   3452 |   8 |  891.5 |
       Dungeon |   6552 |   6291 |    261 |    803 |   3452 |   7 |  936.0 |
       Ossuary |    580 |    580 |      0 |    233 |      0 |   1 |  580.0 |
               +--------+--------+--------+--------+--------+-----+--------+

Top non-repeatable levels by time:
     D:4: 1383 daAuts
     D:5: 1355 daAuts
     D:3: 1225 daAuts
     D:7: 789 daAuts
     D:2: 644 daAuts
     D:1: 602 daAuts
 Ossuary: 580 daAuts
     D:6: 551 daAuts
